 Dungeon Crawl Stone Soup version 0.27.1-33-g824d729ab1 (webtiles) character file.

Game seed: 14758213982522697182

154771 tmanko the Warrior (level 17, -5/213 HPs)
             Began as a Demonspawn Fighter on Dec 26, 2021.
             Was a High Priest of Okawaru.
             Succumbed to a redback's poison
             ... on level 3 of the Spider Nest on Dec 27, 2021.
             The game lasted 02:03:05 (37431 turns).

tmanko the Warrior (Demonspawn Fighter)            Turns: 37431, Time: 02:03:05

Health: -5/213     AC: 21    Str: 22    XL:     17   Next: 7%
Magic:  2/23       EV: 12    Int: 14    God:    Okawaru [*****.]
Gold:   4692       SH: 20    Dex: 16    Spells: 16/16 levels left

rFire    + . .     SeeInvis .   a - +3 eveningstar (venom)
rCold    . . .     Faith    .   G - +0 tower shield
rNeg     . . .     Spirit   +   v - +0 swamp dragon scales
rPois    +         Reflect  .   (helmet unavailable)
rElec    .         Harm     .   t - +0 cloak
rCorr    .         Rampage  +   J - +1 pair of gloves "Icziplimn" {-Tele Rampage Will+++ Str+6}
Will     ++++.     NoTele   +   A - +2 pair of boots
Stlth    ..........             B - amulet of the acrobat
HPRegen  0.45/turn              p - ring of protection from fire
MPRegen  0.36/turn              H - +4 ring of evasion

@: berserking, lethally poisoned (-5 -> -40), studying Summonings, very quick
A: horns 3, ignite blood 3, magic shield, magic regeneration, sharp scales 2
a: Renounce Religion, Heroism, Finesse


You were on level 3 of the Spider Nest.
You worshipped Okawaru.
Okawaru was extremely pleased with you.
You visited 5 branches of the dungeon, and saw 27 of its levels.

You collected 4752 gold pieces.
You spent 60 gold pieces at shops.

Inventory:

Hand Weapons
 a - a +3 eveningstar of venom (weapon)
 b - a +3 fustibalus of flaming
 k - a +1 long sword of flaming
Missiles
 i - 260 sling bullets
 u - 2 throwing nets (quivered)
 R - 2 curare-tipped darts
Armour
 t - a +0 cloak (worn)
 v - +0 swamp dragon scales (worn)
 w - the +9 plate armour of Monotheism {Rampage}
   (Okawaru gifted it to you on level 14 of the Dungeon)

   Rampage:   It bestows one free step when moving towards enemies.
 A - a +2 pair of boots (worn)
 G - a +0 tower shield (worn)
 J - the +1 pair of gloves "Icziplimn" (worn) {-Tele Rampage Will+++ Str+6}
   (You found it on level 10 of the Dungeon)

   Str:       It affects your strength (+6).
   -Tele:     It prevents most forms of teleportation.
   Rampage:   It bestows one free step when moving towards enemies.
   Will:      It greatly increases your willpower.
Jewellery
 p - a ring of protection from fire (left hand)
 s - a ring of magical power
 B - an amulet of the acrobat (around neck)
 D - a ring of see invisible
 H - a +4 ring of evasion (right hand)
 I - a ring of flight
Wands
 m - a wand of polymorph (17)
 r - a wand of iceblast (24)
 F - a wand of flame (136)
 M - a wand of acid (23)
 P - a wand of mindburst (8)
 U - a wand of paralysis (13)
 X - a wand of charming (11)
Scrolls
 c - 8 scrolls of identify
 d - 5 scrolls of immolation
 e - 6 scrolls of fog
 g - 3 scrolls of silence
 n - 7 scrolls of teleportation
 o - 7 scrolls of magic mapping
 q - 3 scrolls of torment
 y - 3 scrolls of blinking
 E - 5 scrolls of enchant armour
 L - a scroll of enchant weapon
 S - a scroll of fear
 Z - 4 scrolls of vulnerability
Potions
 f - 12 potions of curing
 h - a potion of ambrosia
 j - 5 potions of magic
 x - 6 potions of heal wounds
 z - 3 potions of flight
 C - 2 potions of cancellation
 T - a potion of attraction
 V - 2 potions of mutation
 Y - 2 potions of might
Miscellaneous
 l - a phial of floods


   Skills:
 + Level 15.0 Fighting
 + Level 13.8 Maces & Flails
 * Level 6.1 Slings
 + Level 13.9 Armour
 + Level 13.9 Shields
 - Level 8.2 Invocations


You had 16 spell levels left.
You didn't know any spells.
Your spell library contained the following spells:

 Spells                   Type           Power      Damage    Failure   Level
 Apportation              Tloc           0%         N/A       86%         1
 Corona                   Hex            0%         N/A       86%         1
 Magic Dart               Conj           0%         1d3       86%         1
 Shock                    Conj/Air       0%         1d3       86%         1
 Summon Small Mammal      Summ           0%         N/A       86%         1
 Call Imp                 Summ           0%         N/A       95%         2
 Ensorcelled Hibernation  Hex/Ice        0%         N/A       95%         2
 Searing Ray              Conj           0%         3d3       95%         2
 Call Canine Familiar     Summ           0%         N/A       99%         3
 Gell's Gravitas          Tloc           0%         N/A       99%         3
 Ignite Poison            Fire/Tmut/Pois 0%         N/A       99%         3
 Mephitic Cloud           Conj/Pois/Air  0%         N/A       99%         3
 Ozocubu's Armour         Ice            0%         N/A       99%         3
 Portal Projectile        Hex/Tloc       0%         N/A       99%         3
 Stone Arrow              Conj/Erth      0%         3d7       99%         3
 Summon Guardian Golem    Hex/Summ       0%         N/A       99%         3
 Swiftness                Air            0%         N/A       99%         3
 Teleport Other           Tloc           0%         N/A       99%         3
 Tukima's Dance           Hex            0%         N/A       99%         3
 Airstrike                Air            0%         N/A       100%        4
 Fulminant Prism          Conj/Hex       0%         3d6       100%        4
 Leda's Liquefaction      Hex/Erth       0%         N/A       100%        4
 Alistair's Intoxication  Tmut/Pois      0%         N/A       100%        5
 Bolt of Magma            Conj/Fire/Erth 0%         4d4       100%        5
 Dispersal                Tloc           0%         N/A       100%        6
 Invisibility             Hex            0%         N/A       100%        6
 Orb of Destruction       Conj           0%         N/A       100%        7
 Ozocubu's Refrigeration  Ice            0%         4d5       100%        7
 Spellforged Servitor     Conj/Summ      0%         N/A       100%        7
 Shatter                  Erth           0%         3d5*      100%        9


Dungeon Overview and Level Annotations

Branches:
Dungeon (15/15)            Temple (1/1) D:7            Lair (6/6) D:8
 Shoals (0/4) Lair:2       Spider (3/4) Lair:2        Slime (0/5) Lair:6
    Orc (2/2) D:11            Elf (0/3) Orc:2        Vaults (0/5) D:14
 Depths (0/5) D:15

Altars:
Ashenzari
Cheibriados
Dithmenos
Elyvilon
Fedhas
Gozag
Hepliaklqana
Kikubaaqudgha
Makhleb
Nemelex Xobeh
Okawaru
Qazlal
Ru
Sif Muna
Trog
Uskayaw
Vehumet
Wu Jian
Xom
Yredelemnul
Zin
The Shining One
Beogh
Jiyva

Shops:
D:2 ?   Orc:2 ([[(


Innate Abilities, Weirdness & Mutations

You have a pair of large horns on your head.
Your demonic aura causes all spilled blood to erupt in flames.
When hurt, damage is shared between your health and your magic reserves.
You regenerate magic rapidly.
You are mostly covered in razor-sharp scales. (AC +2, Slay +2)


Message History

You feel a strong urge to attack something.
The redback bites you.
* * * LOW HITPOINT WARNING * * *
You are lethally poisoned!
The redback poisons you! The jumping spider misses you.
The jumping spider bites you but does no damage.
The tarantella is engulfed in blazing flames.
You block the tarantella's attack. The redback barely misses you.
The demonic crawler is engulfed in blazing flames.
You block the demonic crawler's attack. The demonic crawler hits you.
* * * LOW HITPOINT WARNING * * *
You block the demonic crawler's attack.
You are too berserk!
Unknown command.
You puncture the redback!
The redback is poisoned.
Your headbutt misses the redback.
The redback is moderately wounded.
* * * LOW HITPOINT WARNING * * *
You feel extremely sick. You block the redback's attack.
The jumping spider closely misses you. You block the jumping spider's attack.
The redback bites you but does no damage.
The tarantella is engulfed in blazing flames.
You kill the tarantella!
Okawaru accepts your kill.
You closely miss the redback.
The redback is heavily wounded.
* * * LOW HITPOINT WARNING * * *
You feel extremely sick.
The demonic crawler is engulfed in blazing flames.
You block the demonic crawler's attack. x2
The demonic crawler completely misses you.
The redback bites you but does no damage.
You block the jumping spider's attack.
The jumping spider bites you but does no damage.
The redback closely misses you.
You are too berserk!
You impale the jumping spider!! You headbutt the jumping spider!
The jumping spider is almost dead.
You die...

....## s## .^.##°.# #
##s..○^# .# ##.#.####.#
#.....[°..# ######
##..†..^#.#
#..^.####.s#..## ###
##...###.#☼ss.##
..####..##....#s@s##..
.......####....<^.......
.....### ##.........#..
###### ###########


You could see a demonic crawler, 2 jumping spiders and 2 redbacks.

Vanquished Creatures
  Saint Roka (Orc:2)
  Rupert (Lair:4)
  Gastronok (D:11)
  Agnes (Spider:2)
  An orc warlord (D:15)
  The ghost of Kuralita the Martial Artist, a journeyman OpTm of Makhleb (D:15)
  An entropy weaver (Spider:1)
  A spark wasp (Spider:2)
  Azrael (Spider:1)
  Snorg (D:14)
  5 slime creatures
  2 vault guards (D:14)
  Erolcha (D:13)
  6 catoblepae
  6 centaur warriors
  12 hydras
  5 boulder beetles
  2 death knights
  4 two-headed ogres
  A tengu warrior (D:13)
  A deep troll shaman (Lair:6)
  11 death yaks
  Urug (D:11)
  4 orc high priests
  5 skeletal warriors
  A death drake (shapeshifter) (D:13)
  A lindwurm (Lair:5)
  A wizard (D:14)
  8 orc knights
  4 deep elf pyromancers
  3 orc sorcerers
  3 cyclopes
  18 wolf spiders
  11 ugly things
  11 orb spiders
  3 manticores
  A salamander (D:15)
  22 elephants
  5 large abominations (D:10)
  6 centaur zombies
  Joseph (D:9)
  A moth of wrath (Spider:2)
  A molten gargoyle (D:13)
  6 black mambas
  A gargoyle (D:14)
  A torpor snail (Lair:6)
  9 cane toads
  Maggie (D:10)
  An unseen horror (shapeshifter) (D:13)
  A kobold demonologist (D:12)
  12 komodo dragons
  3 freezing wraiths (D:14)
  A komodo dragon (shapeshifter) (D:14)
  2 rime drakes (Lair:6)
  3 demonic crawlers
  A tengu conjurer (D:12)
  6 trolls
  22 jumping spiders
  A merfolk (Lair:2)
  3 hornets
  2 polar bears
  Prince Ribbit (D:9)
  9 blink frogs
  11 dream sheep
  A spriggan (Lair:2)
  Sigmund (D:4)
  33 redbacks
  2 vampires
  2 wraiths
  4 wyverns
  A centaur simulacrum (D:14)
  A hog (shapeshifter) (D:14)
  70 yaks
  9 tarantellas
  A fire elemental (Spider:1)
  9 humans (D:14)
  A human (shapeshifter) (D:15)
  7 basilisks
  Eustachio (D:3)
  19 vampire mosquitoes
  7 small abominations (D:10)
  5 wargs
  Edmund (D:6)
  4 swamp worms (Lair:3)
  An acid dragon (D:10)
  3 hell hounds (Spider:1)
  Duvessa (D:4)
  25 water moccasins
  42 orc warriors
  A sky beast (D:6)
  5 black bears
  4 swamp drakes (Lair:2)
  6 ogres
  22 wolves
  3 necrophages
  10 centaurs
  4 kobold brigands
  A phantom (D:5)
  10 bullfrogs
  A wyvern zombie (D:9)
  A scorpion (D:5)
  A water moccasin zombie (D:7)
  Dowan (D:4)
  A wyvern skeleton (D:7)
  A water moccasin skeleton (D:3)
  4 killer bees (D:11)
  3 wights (D:8)
  9 electric eels
  A howler monkey (D:8)
  A lava snake (D:13)
  2 gnoll shamans
  8 hounds
  4 centaur skeletons
  2 jellies
  20 orc priests
  4 iguanas
  24 orc wizards
  5 hell rats (Lair:6)
  A killer bee zombie (D:8)
  A hound skeleton (D:4)
  2 howler monkey zombies
  6 adders
  8 gnolls
  A shadow imp (D:5)
  A white imp (D:7)
  2 worms
  2 dart slugs
  115 orcs
  4 ball pythons
  3 bats
  3 bat zombies (D:10)
  2 endoplasms
  3 giant cockroaches
  3 goblins
  10 hobgoblins
  3 jackals (D:2)
  2 quokkas (D:5)
  3 frilled lizards
  14 kobolds
  A quokka skeleton (D:4)
  4 rats
  A rat zombie (D:10)
  A briar patch (Lair:3)
  A fire vortex (D:13)
881 creatures vanquished.

Vanquished Creatures (others)
  A vault guard (D:14)
  A wizard (D:10)
  A demonic crawler (Spider:2)
  An orc wizard (D:15)
  A briar patch (Lair:3)
  A bush (Lair:3)
  31 fungi
  101 plants
138 creatures vanquished.

Grand Total: 1019 creatures vanquished

Notes
Turn   | Place    | Note
-------+----------+-------------------------------------------
     0 | D:1      | tmanko the Demonspawn Fighter began the quest for the Orb.
     0 | D:1      | Reached XP level 1. HP: 18/18 MP: 1/1
    70 | D:1      | Found a faded altar of an unknown god.
   434 | D:1      | Gained mutation: You have a pair of small horns on your
                  | head. [demonic ancestry]
   434 | D:1      | Reached XP level 2. HP: 24/24 MP: 2/2
  1292 | D:2      | HP: 1/24 [poisoned by an adder]
  1293 | D:2      | Reached XP level 3. HP: 1/29 MP: 3/3
  1542 | D:2      | HP: 1/29 [poisoned by an adder]
  1999 | D:2      | Found Ute Geupt's Magic Scroll Shop.
  2007 | D:2      | Bought a scroll of magic mapping for 38 gold pieces
  2007 | D:2      | Bought a scroll of identify for 22 gold pieces
  2116 | D:2      | Reached XP level 4. HP: 14/35 MP: 4/4
  2350 | D:2      | You fall into a shaft and drop 1 floor!
  3051 | D:3      | Reached XP level 5. HP: 31/42 MP: 5/5
  3220 | D:3      | Reached skill level 4 in Fighting
  3248 | D:3      | Found a blossoming altar of Fedhas.
  3250 | D:3      | Found a snail-covered altar of Cheibriados.
  3549 | D:4      | Noticed Eustachio
  4332 | D:3      | HP: 1/42 [river rat[Eustachio] (6)]
  4334 | D:3      | Killed Eustachio
  4335 | D:3      | Reached XP level 6. HP: 2/49 MP: 6/6
  4712 | D:4      | Noticed Sigmund
  4727 | D:4      | Killed Sigmund
  4728 | D:4      | Gained mutation: You are partially covered in razor-sharp
                  | scales. (AC +1, Slay +1) [demonic ancestry]
  4728 | D:4      | Reached XP level 7. HP: 28/55 MP: 7/7
  5138 | D:4      | Reached skill level 5 in Fighting
  5769 | D:4      | Noticed Duvessa
  5769 | D:4      | Noticed Dowan
  5789 | D:4      | Killed Duvessa
  5796 | D:4      | Killed Dowan
  6175 | D:5      | Entered Level 5 of the Dungeon
  6207 | D:5      | Reached skill level 5 in Armour
  6259 | D:5      | Gained mutation: You have a pair of horns on your head.
                  | [demonic ancestry]
  6259 | D:5      | Reached XP level 8. HP: 62/63 MP: 8/8
  6284 | D:5      | Reached skill level 5 in Shields
  6769 | D:5      | Reached skill level 5 in Maces & Flails
  6772 | D:5      | Reached skill level 6 in Fighting
  7247 | D:5      | Found a bloodstained altar of Trog.
  7665 | D:6      | Found a stormy altar of Qazlal.
  7843 | D:6      | Noticed Edmund
  7863 | D:6      | Killed Edmund
  7864 | D:6      | Gained mutation: You regenerate magic rapidly. [demonic
                  | ancestry]
  7864 | D:6      | Reached XP level 9. HP: 66/71 MP: 9/9
  8416 | D:6      | Reached skill level 7 in Fighting
  8735 | D:7      | Found a broken altar of Ashenzari.
  8987 | D:7      | Found a staircase to the Ecumenical Temple.
  8999 | Temple   | Entered the Ecumenical Temple
  9270 | Temple   | Became a worshipper of Warmaster Okawaru
  9540 | D:7      | Noticed a troll
  9549 | D:7      | Killed a troll
  9794 | D:7      | Reached * piety under Okawaru
  9795 | D:7      | Reached XP level 10. HP: 74/80 MP: 10/10
  9819 | D:7      | Reached skill level 8 in Fighting
 10601 | D:8      | Reached ** piety under Okawaru
 10758 | D:8      | Found a staircase to the Lair.
 10998 | D:8      | Found a sacrificial altar of Ru.
 11965 | D:8      | Reached *** piety under Okawaru
 12252 | D:9      | Identified the +1 scimitar "Transmigrator" {flame, Contam
                  | rElec Int-5 Dex+6}
 12426 | D:9      | Noticed Prince Ribbit
 12442 | D:9      | Killed Prince Ribbit
 12443 | D:9      | Reached skill level 9 in Fighting
 12574 | D:9      | Reached skill level 1 in Invocations
 12767 | D:9      | Noticed Joseph
 12786 | D:9      | Killed Joseph
 13019 | D:10     | Entered Level 10 of the Dungeon
 13054 | D:10     | Found a sparkling altar of Nemelex Xobeh.
 13072 | D:10     | Gained mutation: You are mostly covered in razor-sharp
                  | scales. (AC +2, Slay +2) [demonic ancestry]
 13072 | D:10     | Reached XP level 11. HP: 89/89 MP: 12/12
 13330 | D:10     | Reached **** piety under Okawaru
 13544 | D:10     | Identified the +7 dagger "Undertaker" {vorpal, rElec}
 13687 | D:10     | Identified the +1 pair of gloves "Icziplimn" {-Tele Rampage
                  | Will+++ Str+6}
 13766 | D:10     | Noticed a wizard
 13772 | D:10     | Killed a wizard
 13937 | D:10     | Identified the +6 quarterstaff of the Manifold Lives
                  | {protect, +Blink Will- Str+4}
 13942 | D:10     | Identified the +1 plate armour "Feifey" {rElec}
 13950 | D:10     | Identified a scroll of acquirement
 13952 | D:10     | Acquired 1024 gold pieces
 14106 | D:10     | Noticed a two-headed ogre
 14113 | D:10     | Killed a two-headed ogre
 14120 | D:10     | Noticed Maggie
 14139 | D:10     | Killed Maggie
 14282 | D:10     | Found an ancient bone altar of Kikubaaqudgha.
 14682 | Lair:1   | Entered Level 1 of the Lair of Beasts
 14783 | Lair:1   | Reached skill level 5 in Invocations
 15052 | Lair:1   | Reached ***** piety under Okawaru
 15746 | Lair:2   | Noticed a death yak
 15757 | Lair:2   | Noticed a death yak
 15768 | Lair:1   | Killed a death yak
 15769 | Lair:1   | Reached skill level 10 in Fighting
 15840 | Lair:2   | Noticed a death yak
 15852 | Lair:1   | Killed a death yak
 15854 | Lair:2   | Noticed a death yak
 15854 | Lair:2   | Noticed a death yak
 15854 | Lair:2   | Noticed a death yak
 15864 | Lair:1   | Killed a death yak
 15865 | Lair:1   | Gained mutation: When hurt, damage is shared between your
                  | health and your magic reserves. [demonic ancestry]
 15865 | Lair:1   | Reached XP level 12. HP: 60/97 MP: 12/16
 16051 | Lair:2   | Killed a death yak
 16056 | Lair:2   | Killed a death yak
 16056 | Lair:2   | Received a gift from Okawaru
 16063 | Lair:2   | Killed a death yak
 17378 | Lair:2   | Found a hole to the Spider Nest.
 17402 | Lair:2   | Reached skill level 10 in Armour
 17570 | Lair:2   | Reached skill level 10 in Shields
 17603 | Lair:2   | Reached skill level 11 in Fighting
 17634 | Lair:2   | Found a staircase to the Shoals.
 17666 | Lair:2   | Reached skill level 10 in Maces & Flails
 18478 | Lair:3   | Gained mutation: Your demonic aura sometimes causes spilled
                  | blood to erupt in flames. [demonic ancestry]
 18478 | Lair:3   | Reached XP level 13. HP: 97/106 MP: 19/19
 18857 | Lair:3   | Found a transporter.
 19319 | Lair:3   | Received a gift from Okawaru
 19495 | Lair:3   | Found a transporter.
 20862 | Lair:4   | Received a gift from Okawaru
 21542 | Lair:4   | Noticed Rupert
 21554 | Lair:4   | Killed Rupert
 21555 | Lair:4   | Reached skill level 12 in Fighting
 22119 | Lair:5   | Received a gift from Okawaru
 22120 | Lair:5   | Gained mutation: You have a pair of large horns on your
                  | head. [demonic ancestry]
 22120 | Lair:5   | Reached XP level 14. HP: 102/115 MP: 17/20
 22510 | Lair:5   | You fall into a shaft and drop 1 floor!
 22510 | Lair:6   | Entered Level 6 of the Lair of Beasts
 22536 | Lair:6   | Found a viscous altar of Jiyva.
 22605 | Lair:6   | Found a staircase to the Slime Pits.
 24074 | Lair:6   | Received a gift from Okawaru
 24075 | Lair:6   | Reached skill level 13 in Fighting
 24131 | Lair:6   | Identified the +4 great sword "Dulistra" {drain, +Rage}
 24746 | D:11     | Reached ****** piety under Okawaru
 24880 | D:11     | Identified the ring of the Cicada {rC- EV+4 Int+4}
 24930 | D:11     | Noticed Gastronok
 24939 | D:11     | Killed Gastronok
 25036 | D:11     | Found a staircase to the Orcish Mines.
 25092 | D:11     | Received a gift from Okawaru
 25206 | D:11     | Noticed Urug
 25222 | D:11     | Killed Urug
 25872 | D:12     | Gained mutation: Your demonic aura often causes spilled
                  | blood to erupt in flames. [demonic ancestry]
 25872 | D:12     | Reached XP level 15. HP: 89/124 MP: 18/21
 27467 | D:13     | Noticed Erolcha
 27473 | D:13     | Killed Erolcha
 28272 | D:14     | Identified the +9 plate armour of Monotheism {Rampage}
                  | (Okawaru gifted it to you on level 14 of the Dungeon)
 28272 | D:14     | Received a gift from Okawaru
 28707 | D:14     | Noticed Snorg
 28712 | D:14     | Killed Snorg
 29042 | D:14     | Found a hazy altar of Hepliaklqana.
 29588 | D:14     | Reached skill level 14 in Fighting
 29624 | D:14     | Found a gate to the Vaults.
 29703 | D:15     | Entered Level 15 of the Dungeon
 29979 | D:15     | Found a runed translucent gate.
 29979 | D:15     | Found a runed translucent gate.
 29983 | D:15     | Noticed an orc warlord
 29983 | D:15     | Noticed Kuralita's ghost (journeyman OpTm)
 29986 | D:15     | Found a runed translucent gate.
 30018 | D:15     | Acquired 972 gold pieces
 30068 | D:15     | Killed an orc warlord
 30090 | D:15     | Received a gift from Okawaru
 30189 | D:15     | Killed Kuralita's ghost
 30248 | D:15     | Gained mutation: Your demonic aura causes all spilled blood
                  | to erupt in flames. [demonic ancestry]
 30248 | D:15     | Reached XP level 16. HP: 133/133 MP: 16/22
 30430 | D:15     | Found a shimmering altar of Xom.
 30433 | D:15     | Found a shimmering altar of Xom.
 30433 | D:15     | Found an ornate altar of the Wu Jian Council.
 30489 | D:15     | Found an iron altar of Okawaru.
 30489 | D:15     | Found a shimmering altar of Xom.
 30489 | D:15     | Found a sparkling altar of Nemelex Xobeh.
 30640 | D:15     | Found a staircase to the Depths.
 30857 | Orc:1    | Entered Level 1 of the Orcish Mines
 31413 | Orc:2    | Entered Level 2 of the Orcish Mines
 31419 | Orc:2    | Reached skill level 1 in Slings
 31616 | Orc:2    | Received a gift from Okawaru
 31743 | Orc:2    | Found a staircase to the Elven Halls.
 32012 | Orc:2    | Found Mixiz's Antique Armour Boutique.
 32140 | Orc:2    | Found Seikk's Weapon Shop.
 32385 | Orc:2    | Noticed Saint Roka
 32801 | Orc:2    | Killed Saint Roka
 32939 | Orc:2    | Found Qecha's Antique Armour Shoppe.
 32944 | Orc:2    | Found Viblom's Antique Weapon Emporium.
 33319 | Spider:1 | Entered Level 1 of the Spider Nest
 33322 | Spider:1 | Noticed Azrael
 33354 | Spider:1 | Killed Azrael
 34527 | Spider:1 | Received a gift from Okawaru
 35191 | Spider:2 | Reached skill level 5 in Slings
 35710 | Spider:2 | Identified the +2 kite shield of Hehazut Feti {rN+}
                  | (Okawaru gifted it to you on level 2 of the Spider Nest)
 35710 | Spider:2 | Received a gift from Okawaru
 36234 | Spider:2 | Noticed Agnes
 36239 | Spider:2 | Killed Agnes
 36992 | Spider:3 | Reached XP level 17. HP: 91/140 MP: 16/23
 37411 | Spider:3 | Reached skill level 15 in Fighting
 37429 | Spider:3 | HP: 8/213 [poisoned by a redback]
 37430 | Spider:3 | HP: 1/213 [poisoned by a redback]
 37431 | Spider:3 | Succumbed to a redback's poison

Illustrated notes

Levels and vault maps discovered:
D:1:      grunt_arrival_crossed_arrows, layout_basic, basic_ecumenical_altar
D:2:      layout_basic, serial_aquarium, aquarium_bridge_straight
          [aquarium_subvault_bridge, aquarium_subvault_balcony,
          aquarium_subvault_bridge, aquarium_subvault_wall], aquarium_window_1,
          aquarium_window_fake, aquarium_window_fake, aquarium_view_2d,
          aquarium_balcony_3b, serial_shops, shop_fountains,
          minmay_misc_feat_plants
D:3:      layout_rooms, minitemple
D:4:      layout_basic, chequers_hall_statues_y, kennysheep_generic_room_16,
          uniq_sigmund, uniq_eustachio, uniq_duvessa
D:5:      layout_basic, trog_book, chequers_serial_rivers_small_3
D:6:      layout_loops_ring, general_overflow_altar, uniq_edmund
D:7:      layout_cave_pods, kennysheep_mini_moat,
          minmay_temple_entry_drinking_statues
D:8:      layout_cave_pools, mainiacjoe_overflow_concentric_impassable,
          erik_lair_island, nicolae_wwwww, kennysheep_another_room
D:9:      layout_cave_pools, mainiacjoe_overflow_cross_hatched,
          minmay_sticks_and_stones, uniq_prince_ribbit1
D:10:     layout_irregular_city, mainiacjoe_overflow_boulevard,
          lemuel_zombie_altar_kikubaaqudgha, laboratory, uniq_maggie
D:11:     layout_rooms, orc_0_dummy, uniq_gastronok, uniq_urug
D:12:     layout_loops_ring
D:13:     layout_loops_corners, corner_web_ring, kennysheep_diamond,
          uniq_erolcha
D:14:     layout_gridville, ximxim_vaults_locker_room,
          nicolae_hepliaklqana_hazy_memory, minmay_quadrilaterals, uniq_snorg
D:15:     hangedman_depths_entry_try_elsewhere_first, layout_cave_pools,
          biasface_ghost_orc_armoury, doesnt_xom_only_xom
Temple:   oiseaux_autumnal_temple
Lair:1:   layout_gridlike
Lair:2:   layout_chaotic_city, elwin_shoals_entry_rooms,
          nicolae_spider_entry_orb_guardian, pond
Lair:3:   gammafunk_worm_tunnel, layout_small_grid, serial_forest,
          infiniplex_forest_straight_4, infiniplex_forest_clump_long,
          infiniplex_forest_zigzag_2, infiniplex_forest_lined_2,
          infiniplex_forest_end_2, infiniplex_forest_lined_corner,
          infiniplex_forest_straight_1, infiniplex_forest_clump_double,
          infiniplex_forest_corner_1, grunt_forest_stairs_clearing,
          serial_bayou_shore_a
Lair:4:   layout_layer_cave, grunt_megastairs_3, uniq_rupert
Lair:5:   layout_gridlike, hibernation_bobbens
Lair:6:   grunt_lair_end_beastmaster, layout_hall_layers, slime_altar_1
Spider:1: layout_spider_delve, uniq_azrael
Spider:2: layout_spider_delve, guppyfry_spider_mini_3, uniq_agnes
Spider:3: cheibrodos_spider_deadly_dance, nicolae_crawler_farm
Orc:1:    layout_caves
Orc:2:    grunt_orc_community_town_hall, layout_diamond_mine,
          grunt_orc_community_big_house_2, grunt_orc_community_big_house_2,
          grunt_orc_community_house_2, grunt_orc_community_house_1,
          grunt_orc_community_house_2, grunt_orc_community_house_2,
          grunt_orc_community_house_1

Skill      XL: |  1  2  3  4  5  6  7  8  9 10 11 12 13 14 15 16 17 |
---------------+----------------------------------------------------+-----
Maces & Flails | 2 3 4 5 6 8 9 10 11 12 13 | 13.8
Shields        | 3 4 6 7 8 9 10 11 12 13 | 13.9
Armour         | 3 4 5 6 7 8 9 10 11 12 13 | 13.9
Fighting       | 4 5 6 7 9 10 11 12 13 14 15 | 15.0
Invocations    | 1 6 8 |  8.2
Slings         | 5 6 |  6.1

Action                   |  1- 3 |  4- 6 |  7- 9 | 10-12 | 13-15 | 16-18 || total
-------------------------+-------+-------+-------+-------+-------+-------++-------
Melee: Flail             |    79 |   158 |    41 |       |       |       ||   278
       Headbutt          |     8 |    21 |    55 |   224 |   280 |   132 ||   720
       Morningstar       |       |       |   249 |   782 |   484 |       ||  1515
       Unarmed           |       |       |    10 |       |       |       ||    10
       Long sword        |       |       |       |       |    57 |     3 ||    60
       Eveningstar       |       |       |       |       |   487 |   581 ||  1068
 Fire: Hunting sling     |    20 |    16 |    27 |    80 |     3 |       ||   146
       Fustibalus        |       |       |       |       |    80 |    77 ||   157
Throw: Stone             |       |       |       |       |     8 |       ||     8
Invok: Heroism           |       |       |       |    19 |    28 |     8 ||    55
       Finesse           |       |       |       |     5 |    16 |     4 ||    25
Evoke: Wand              |       |       |       |     1 |       |       ||     1
  Use: Scroll            |     3 |       |     7 |    10 |    14 |       ||    34
       Potion            |     2 |     3 |       |     1 |       |     2 ||     8
 Stab: Invisible         |       |     1 |       |       |       |       ||     1
       Petrified         |       |       |       |       |     9 |       ||     9
       Petrifying        |       |       |       |       |     1 |       ||     1
Armor: Scale mail        |    30 |    83 |   145 |   116 |       |       ||   374
       Skin              |       |    43 |     1 |       |       |       ||    44
       Plate armour      |       |       |       |    96 |    90 |    87 ||   273
       Swamp dragon scal |       |       |       |    51 |   281 |   191 ||   523
Dodge: Dodged            |    25 |    64 |    83 |   257 |   365 |   263 ||  1057
Block: Kite shield       |    32 |   110 |   199 |   273 |       |       ||   614
       Tower shield      |       |       |       |   286 |   936 |   692 ||  1914
       Rpst.: Long sword |       |       |       |       |     7 |       ||     7
